[Event "ICC tourney 2180 (40 10)"]
[Site "Internet Chess Club"]
[Date "2020.12.06"]
[Round "4"]
[White "adma2028"]
[Black "shawnchicken"]
[Result "1-0"]
[ICCResult "Black resigns"]
[WhiteElo "1420"]
[BlackElo "1230"]
[Opening "Queen's pawn: London system"]
[ECO "A45"]
[NIC "QP.07"]
[Time "17:46:17"]
[PlyCount "219"]
[TimeControl "2400+10"]


1. d4 Nf6 2. Bf4 e6 3. Nd2 d5 4. e3 c5 5. c3 Nc6 6. Ngf3 Bd6 7. Ne5 Bxe5 8.
dxe5 Nd7 9. Nf3 O-O 10. Bd3 Qc7 11. Qc2 h6 12. c4 Ndxe5 13. Nxe5 Nxe5 14.
cxd5 exd5 15. Qc3 Nxd3+ 16. Qxd3 Qc6 17. O-O Be6 18. Rfc1 b6 19. b4 Rfd8
20. bxc5 bxc5 21. Qa3 Rdc8 22. h3 c4 23. Qd6 Qxd6 24. Bxd6 Rc6 25. Bf4 c3
26. Be5 c2 27. g4 h5 28. f3 hxg4 29. hxg4 Re8 30. Bd4 Re7 31. a3 Rb7 32.
Kf2 f5 33. gxf5 Bxf5 34. Ke2 Rb1 35. Kd2 Rxa1 36. Rxa1 Kf7 37. Bxa7 Rh6 38.
Re1 Rh2+ 39. Kc1 g5 40. Bb8 Rh8 41. Be5 Re8 42. Bd4 Rb8 43. Bb2 Re8 44. Kd2
Rb8 45. Bc1 Rb1 46. e4 dxe4 47. fxe4 Be6 48. Kxc2 Rb8 49. Bxg5 Rb3 50. Rf1+
Ke8 51. Bc1 Rg3 52. Bb2 Rg2+ 53. Kb1 Kd7 54. Rd1+ Kc7 55. Be5+ Kb7 56. Bd6
Kb6 57. Bb4 Kb5 58. Rd6 Bc4 59. e5 Re2 60. e6 Rxe6 61. Rd8 Rb6 62. Re8 Ka4
63. Kb2 Bd3 64. Kc3 Bb5 65. Re4 Rc6+ 66. Kb2 Rc4 67. Re7 Rc6 68. Rb7 Bd3
69. Bc3 Rc4 70. Rd7 Be4 71. Re7 Bc6 72. Re5 Bb5 73. Re7 Rc6 74. Bb4 Ra6 75.
Re4 Bd3 76. Rd4 Bf1 77. Rf4 Bd3 78. Rd4 Bf1 79. Rd5 Bc4 80. Rc5 Bb5 81. Rc7
Rc6 82. Rb7 Ba6 83. Rb8 Bb5 84. Bc3 Bd3 85. Rb4+ Ka5 86. Rd4+ Kb5 87. Rxd3
Kc4 88. Rd4+ Kb5 89. Rb4+ Ka6 90. Bd4 Rc7 91. Rb6+ Ka5 92. Rb8 Ka6 93. a4
Rb7+ 94. Rxb7 Kxb7 95. Kb3 Ka8 96. Kb4 Kb7 97. Kb5 Ka8 98. Ka6 Kb8 99. a5
Ka8 100. Kb6 Kb8 101. Be5+ Ka8 102. Kc7 Ka7 103. Bd4+ Ka8 104. Bc3 Ka7 105.
Bb4 Ka8 106. Kc8 Ka7 107. Bc5+ Ka6 108. Bb6 Kb5 109. Kb7 Kc4 110. a6 {
Black resigns } 1-0

[Event "ICC tourney 2180 (40 10)"]
[Site "Internet Chess Club"]
[Date "2020.12.06"]
[Round "4"]
[White "MiahG"]
[Black "ztraynor"]
[Result "0-1"]
[ICCResult "White checkmated"]
[WhiteElo "389"]
[BlackElo "1178"]
[Opening "Caro-Kann: classical variation"]
[ECO "B18"]
[NIC "CK.10"]
[Time "17:46:20"]
[PlyCount "100"]
[TimeControl "2400+10"]


1. e4 c6 2. d4 d5 3. Nc3 dxe4 4. Nxe4 Bf5 5. Ng3 Bg6 6. Bg5 h6 7. Bf4 Nf6
8. h4 e6 9. Bd3 Bxd3 10. Qxd3 Bd6 11. Bxd6 Qxd6 12. O-O-O Qd5 13. Nh3 Qxa2
14. Rhe1 Nbd7 15. Nf4 O-O-O 16. Qc3 Nd5 17. Nxd5 Qxd5 18. f3 g5 19. h5 f5
20. Re2 Rhe8 21. Rde1 c5 22. Rd1 Nb6 23. Red2 Qa2 24. Qxc5+ Kb8 25. Qe5+
Ka8 26. c3 Nc4 27. Qf6 Nxd2 28. Rxd2 Qa1+ 29. Kc2 Qa4+ 30. Kc1 Qd7 31. Qxh6
g4 32. fxg4 fxg4 33. Ne4 Rh8 34. Qg5 Rdg8 35. Qf4 Rxh5 36. Nf6 Qf7 37. Nxh5
Qxh5 38. Rf2 a6 39. Re2 Re8 40. Re5 Qh1+ 41. Kc2 Qxg2+ 42. Kb3 Qf3 43. Qg5
g3 44. Qg6 Re7 45. Rg5 e5 46. dxe5 Qd5+ 47. Kc2 Rxe5 48. Rxg3 Re2+ 49. Kc1
Qd2+ 50. Kb1 Qxb2# { White checkmated } 0-1

[Event "ICC tourney 2180 (40 10)"]
[Site "Internet Chess Club"]
[Date "2020.12.06"]
[Round "4"]
[White "lerui"]
[Black "jksaini76"]
[Result "1-0"]
[ICCResult "Black resigns"]
[WhiteElo "1161"]
[BlackElo "811"]
[Opening "Philidor: exchange variation"]
[ECO "C41"]
[NIC "KP.08"]
[Time "17:46:18"]
[PlyCount "125"]
[TimeControl "2400+10"]


1. e4 e5 2. Nf3 d6 3. d4 exd4 4. Nxd4 Be7 5. Be2 Nf6 6. Nc3 c6 7. O-O O-O
8. Bf4 Na6 9. Bxa6 bxa6 10. Nxc6 Qc7 11. Nd4 Qc5 12. Nf3 Be6 13. Re1 Rab8
14. Rb1 Ng4 15. Bg3 Ne5 16. Nxe5 dxe5 17. Qf3 Bf6 18. a3 a5 19. h3 Rbd8 20.
Red1 Rxd1+ 21. Rxd1 Qb6 22. Rb1 Qd4 23. Rd1 Qb6 24. Rb1 h6 25. Qe2 Qc6 26.
Qf3 Rd8 27. Rd1 Rb8 28. Rb1 Qb6 29. Qe2 Rc8 30. Qe1 Qc6 31. Rc1 Qc4 32. f3
a4 33. Bf2 a6 34. Be3 Kh7 35. Qf2 Rb8 36. Rb1 Bd7 37. Nd5 Qc6 38. Nxf6+
Qxf6 39. Ba7 Rc8 40. Be3 Qc6 41. Rc1 f6 42. Qd2 Be6 43. Bf2 Qc4 44. Be3 Qa2
45. c3 Rb8 46. Rc2 Qa1+ 47. Kh2 Qa2 48. Qf2 Rd8 49. Rd2 Rc8 50. Rc2 Bc4 51.
Rd2 Qb1 52. Bc5 Bd3 53. Bb4 Bb5 54. Qe3 Qc1 55. Qf2 Qb1 56. Qg1 f5 57. Qxb1
f4 58. Qd1 Re8 59. Rd8 Re6 60. Qd5 Rg6 61. Rd6 Bf1 62. Rxg6 Kxg6 63. Qxe5 {
Black resigns } 1-0

[Event "ICC tourney 2180 (40 10)"]
[Site "Internet Chess Club"]
[Date "2020.12.06"]
[Round "4"]
[White "tundrarules"]
[Black "Tomasleo"]
[Result "1-0"]
[ICCResult "Black checkmated"]
[WhiteElo "1227"]
[BlackElo "1416"]
[Opening "Four knights: Italian variation"]
[ECO "C55"]
[NIC "IG.01"]
[Time "17:46:23"]
[PlyCount "63"]
[TimeControl "2400+10"]


1. e4 e5 2. Nf3 Nc6 3. Bc4 Nf6 4. Nc3 Bb4 5. d3 Kf8 6. Bg5 h6 7. Be3 d6 8.
h3 Ke7 9. O-O Re8 10. Nd5+ Nxd5 11. exd5 Na5 12. Bb5 c6 13. dxc6 bxc6 14.
Ba4 Bd7 15. c3 Bc5 16. d4 exd4 17. cxd4 Bb6 18. Qd3 Qc7 19. Rfe1 Kd8 20.
Rad1 Be6 21. a3 Nc4 22. Bc1 Ba5 23. b3 Bxe1 24. bxc4 Ba5 25. d5 Bd7 26.
dxc6 Be6 27. Bf4 Kc8 28. c5 Bc4 29. Qxc4 d5 30. Rxd5 Qe7 31. Qa6+ Qb7 32.
Qxb7# { Black checkmated } 1-0

[Event "ICC tourney 2180 (40 10)"]
[Site "Internet Chess Club"]
[Date "2020.12.06"]
[Round "4"]
[White "GalaxyToast"]
[Black "Anushkaa"]
[Result "0-1"]
[ICCResult "White resigns"]
[WhiteElo "1387"]
[BlackElo "1272"]
[Opening "English opening"]
[ECO "A16"]
[NIC "EO.64"]
[Time "17:46:17"]
[PlyCount "84"]
[TimeControl "2400+10"]


1. c4 Nf6 2. Nc3 g6 3. g3 Bg7 4. Bg2 d6 5. e4 O-O 6. Nge2 Nc6 7. O-O Bd7 8.
d3 Qc8 9. Re1 Bh3 10. Bh1 Ne5 11. Nf4 Bg4 12. f3 Bd7 13. b3 e6 14. Bb2 Qd8
15. d4 Nc6 16. d5 Ne5 17. Ng2 exd5 18. exd5 Re8 19. Ne3 a6 20. a4 Bc8 21.
a5 Ned7 22. Qd2 Nc5 23. Qc2 b6 24. b4 Nb7 25. Qd2 bxa5 26. bxa5 Nc5 27. Ra3
Bd7 28. Nc2 Rxe1+ 29. Nxe1 Qe7 30. Ne2 Rb8 31. Re3 Qd8 32. Nd3 Nxd3 33.
Rxd3 Bf5 34. Re3 Nd7 35. Bxg7 Kxg7 36. Nd4 Qf6 37. Nxf5+ Qxf5 38. Bg2 Ne5
39. f4 Nd7 40. h3 Rb1+ 41. Kh2 Qf6 42. Bf3 Rb2 { White resigns } 0-1

[Event "ICC tourney 2180 (40 10)"]
[Site "Internet Chess Club"]
[Date "2020.12.06"]
[Round "5"]
[White "JayAB"]
[Black "FabulousRocket"]
[Result "0-1"]
[ICCResult "White checkmated"]
[WhiteElo "666"]
[BlackElo "1106"]
[Opening "QGD: Marshall defense"]
[ECO "D06"]
[NIC "QP.08"]
[Time "20:01:30"]
[PlyCount "86"]
[TimeControl "2400+10"]


1. d4 d5 2. c4 Nf6 3. cxd5 Nxd5 4. Nc3 Nxc3 5. bxc3 Bf5 6. Nf3 e6 7. e3 Bd6
8. Bd3 Bxd3 9. Qxd3 Nd7 10. O-O O-O 11. Ng5 Qxg5 12. e4 Qg6 13. c4 Qh5 14.
h3 c5 15. d5 Qe5 16. g3 Qxa1 17. Qf3 Qf6 18. Qxf6 Nxf6 19. Re1 e5 20. Kg2
Rab8 21. a4 a6 22. Bg5 Nd7 23. Re3 Nb6 24. Rc3 f6 25. Bd2 Nxa4 26. Rc1 Nb6
27. f3 Nd7 28. f4 b5 29. fxe5 Nxe5 30. cxb5 axb5 31. h4 b4 32. Kh3 Nd7 33.
Bf4 Bxf4 34. gxf4 b3 35. Rg1 b2 36. h5 b1=Q 37. Rg2 Qxe4 38. h6 Qf3+ 39.
Kh2 Qh5+ 40. Kg1 Rb1+ 41. Kf2 Qh4+ 42. Kf3 Rb3+ 43. Ke4 f5# { White
checkmated } 0-1

[Event "ICC tourney 2180 (40 10)"]
[Site "Internet Chess Club"]
[Date "2020.12.06"]
[Round "5"]
[White "Andre2011"]
[Black "loonyafternoon"]
[Result "0-1"]
[ICCResult "White checkmated"]
[WhiteElo "788"]
[BlackElo "1156"]
[Opening "French defense"]
[ECO "C00"]
[NIC "FR.01"]
[Time "20:01:32"]
[PlyCount "72"]
[TimeControl "2400+10"]


1. e4 e6 2. Nf3 d5 3. d3 Nf6 4. Nc3 Bb4 5. Bd2 Nc6 6. Be2 d4 7. Na4 Bxd2+
8. Qxd2 e5 9. O-O O-O 10. Ng5 h6 11. Nf3 Be6 12. Nc5 Qd6 13. Nxb7 Qe7 14.
h3 Rab8 15. Na5 Qc5 16. Nxc6 Qxc6 17. Nxe5 Qc5 18. Nc4 Bxc4 19. dxc4 Nxe4
20. Qf4 Nf6 21. Rad1 Rfe8 22. Bd3 Rxb2 23. a3 Rbb8 24. Rfe1 Rbd8 25. Be2
Ne4 26. Bd3 Nc3 27. Rxe8+ Rxe8 28. Rf1 Ne2+ 29. Bxe2 Rxe2 30. Qg4 Rxc2 31.
Qc8+ Kh7 32. Qf5+ Qxf5 33. Rd1 Rxc4 34. Re1 Rc2 35. a4 Qxf2+ 36. Kh1 Qxg2#
{ White checkmated } 0-1

[Event "ICC tourney 2180 (40 10)"]
[Site "Internet Chess Club"]
[Date "2020.12.06"]
[Round "5"]
[White "shawnchicken"]
[Black "ivo20"]
[Result "1-0"]
[ICCResult "Black checkmated"]
[WhiteElo "1230"]
[BlackElo "1433"]
[Opening "Old Indian defense"]
[ECO "A42"]
[NIC "OI.07"]
[Time "20:01:51"]
[PlyCount "63"]
[TimeControl "2400+10"]


1. d4 d6 2. c4 h6 3. Nc3 e6 4. Nf3 Be7 5. e4 Nf6 6. Qc2 Nc6 7. Bf4 O-O 8.
Bd3 Nh7 9. O-O Bg5 10. Bxg5 Nxg5 11. Nxg5 Qxg5 12. Ne2 e5 13. d5 Nd4 14.
Nxd4 exd4 15. f4 Qg4 16. Qe2 Qh4 17. Qf2 Qe7 18. Qxd4 f5 19. Rae1 Bd7 20.
exf5 Qh4 21. Re3 Rae8 22. Rh3 Qf6 23. Qf2 Bxf5 24. Bxf5 Qxf5 25. Qg3 Qf6
26. b3 Re2 27. a4 Rfe8 28. f5 Rb2 29. Qg6 Qd4+ 30. Kh1 Ree2 31. Rxh6 Rxg2
32. Qe8# { Black checkmated } 1-0

[Event "ICC tourney 2180 (40 10)"]
[Site "Internet Chess Club"]
[Date "2020.12.06"]
[Round "5"]
[White "SGOLD9367"]
[Black "tundrarules"]
[Result "0-1"]
[ICCResult "White resigns"]
[WhiteElo "1338"]
[BlackElo "1227"]
[Opening "Four knights: Italian variation"]
[ECO "C55"]
[NIC "IG.01"]
[Time "20:01:35"]
[PlyCount "40"]
[TimeControl "2400+10"]


1. e4 e5 2. Nf3 Nc6 3. Bc4 Nf6 4. Nc3 Nxe4 5. Nxe4 d5 6. Bd3 f5 7. Bb5 fxe4
8. Nxe5 Qd6 9. Nxc6 bxc6 10. Be2 Be7 11. d3 O-O 12. dxe4 Qg6 13. Be3 Qxg2
14. Rf1 Qxh2 15. exd5 Bh3 16. dxc6 Bxf1 17. Qd5+ Kh8 18. Bxf1 Rad8 19. Qc4
Bg5 20. Qc5 Bxe3 { White resigns } 0-1

[Event "ICC tourney 2180 (40 10)"]
[Site "Internet Chess Club"]
[Date "2020.12.06"]
[Round "5"]
[White "collywog"]
[Black "nguyencaptures"]
[Result "1-0"]
[ICCResult "Black checkmated"]
[WhiteElo "1079"]
[BlackElo "1124"]
[Opening "Vienna gambit"]
[ECO "C29"]
[NIC "VG.04"]
[Time "20:01:32"]
[PlyCount "65"]
[TimeControl "2400+10"]


1. e4 e5 2. Nc3 Nf6 3. f4 exf4 4. e5 Ng8 5. Nf3 Bc5 6. d4 Bb6 7. Bc4 Ne7 8.
Ng5 d5 9. Bd3 Nf5 10. Bxf4 h6 11. Nf3 Nxd4 12. Nxd4 Bxd4 13. Bb5+ c6 14.
Qxd4 cxb5 15. Qxd5 Qxd5 16. Nxd5 Na6 17. O-O-O O-O 18. Rhf1 Be6 19. Ne3
Rad8 20. Rxd8 Rxd8 21. Rd1 Rxd1+ 22. Kxd1 Kh7 23. Kd2 Kg6 24. h3 f6 25.
exf6 Kxf6 26. Ng4+ Kf5 27. Be3 Bd5 28. Bxa7 Kg5 29. Ne3 Be4 30. Bd4 g6 31.
g3 h5 32. Bg7 Nc7 33. h4# { Black checkmated } 1-0

[Event "ICC tourney 2180 (40 10)"]
[Site "Internet Chess Club"]
[Date "2020.12.06"]
[Round "5"]
[White "awesomehead5"]
[Black "wojowhiskey"]
[Result "1-0"]
[ICCResult "Black checkmated"]
[WhiteElo "938"]
[BlackElo "1335"]
[Opening "Sicilian: closed"]
[ECO "B23"]
[NIC "SI.44"]
[Time "20:02:08"]
[PlyCount "95"]
[TimeControl "2400+10"]


1. e4 c5 2. Nc3 d6 3. d4 cxd4 4. Qxd4 Nc6 5. Qa4 Bd7 6. Bc4 a6 7. Qb3 e6 8.
Nf3 b5 9. Bd3 Nf6 10. O-O Be7 11. Bg5 O-O 12. Rfe1 h6 13. Bh4 Qb6 14. e5
dxe5 15. Nxe5 Bc8 16. Nxc6 Qxc6 17. Ne4 Bb7 18. Nxf6+ Bxf6 19. Be4 Qc7 20.
Bg3 Qe7 21. Bf4 Rab8 22. Bxb8 Rxb8 23. Qd3 Bxb2 24. Bh7+ Kf8 25. Rab1 Bc3
26. Qxc3 Qg5 27. g3 Rc8 28. Qb4+ Rc5 29. h4 Qd5 30. Be4 Qh5 31. Bxb7 Kg8
32. g4 Rc4 33. Qxc4 bxc4 34. gxh5 a5 35. Be4 Kf8 36. Rb8+ Ke7 37. Rc8 Kf6
38. Rxc4 g6 39. hxg6 fxg6 40. Ra4 g5 41. hxg5+ Kxg5 42. Rxa5+ Kg4 43. f3+
Kg3 44. Kh1 Kh4 45. Rg1 h5 46. Bg6 e5 47. Rxe5 Kh3 48. Rxh5# { Black
checkmated } 1-0

[Event "ICC tourney 2180 (40 10)"]
[Site "Internet Chess Club"]
[Date "2020.12.06"]
[Round "5"]
[White "Dhruti813kob36"]
[Black "niftyfountain"]
[Result "1-0"]
[ICCResult "Black checkmated"]
[WhiteElo "1457"]
[BlackElo "1368"]
[Opening "Sicilian: Richter-Rauzer, 6...e6"]
[ECO "B62"]
[NIC "SI.27"]
[Time "20:01:43"]
[PlyCount "49"]
[TimeControl "2400+10"]


1. e4 c5 2. Nf3 d6 3. d4 cxd4 4. Nxd4 Nf6 5. Nc3 Nc6 6. Bg5 e6 7. f4 Be7 8.
Qd2 h6 9. Bh4 a6 10. O-O-O Qb6 11. Nxc6 bxc6 12. e5 dxe5 13. fxe5 Nd5 14.
Bxe7 Kxe7 15. Nxd5+ cxd5 16. Bd3 Rb8 17. b3 a5 18. Rhf1 Qd4 19. Rxf7+ Ke8
20. Bb5+ Kxf7 21. Qxd4 Rxb5 22. Rf1+ Ke8 23. Qa7 Kd8 24. Rf7 Re8 25. Qc7# {
Black checkmated } 1-0

[Event "ICC tourney 2180 (40 10)"]
[Site "Internet Chess Club"]
[Date "2020.12.06"]
[Round "5"]
[White "solveur"]
[Black "lerui"]
[Result "1-0"]
[ICCResult "Black checkmated"]
[WhiteElo "1319"]
[BlackElo "1161"]
[Opening "QGD: classical variation (5.Bf4)"]
[ECO "D37"]
[NIC "QO.16"]
[Time "20:01:34"]
[PlyCount "117"]
[TimeControl "2400+10"]


1. d4 d5 2. c4 e6 3. Nc3 Nf6 4. Nf3 Be7 5. Bf4 a6 6. e3 Nc6 7. Bd3 O-O 8.
O-O dxc4 9. Bxc4 Bd6 10. Ne5 Bxe5 11. Bxe5 Nxe5 12. dxe5 Qxd1 13. Rfxd1 Nd7
14. f4 Nb6 15. Bb3 Bd7 16. Rac1 Bc6 17. a4 Rfd8 18. a5 Nd5 19. Nxd5 exd5
20. Rc5 Rd7 21. Bxd5 Rad8 22. e4 Bxd5 23. Rcxd5 Rxd5 24. Rxd5 Rc8 25. Rd7
Kf8 26. Kf2 Ke8 27. Rd4 Ke7 28. Ke3 c5 29. Rc4 Rc6 30. b4 cxb4 31. Rxb4 Rc7
32. g4 Ke6 33. Rb6+ Ke7 34. f5 Rd7 35. h4 h6 36. g5 hxg5 37. hxg5 Rc7 38.
f6+ gxf6 39. gxf6+ Ke8 40. Kd4 Kd7 41. Kd5 Ke8 42. e6 fxe6+ 43. Kxe6 Rf7
44. e5 Rc7 45. Rd6 Rh7 46. f7+ Rxf7 47. Rd8+ Kxd8 48. Kxf7 Kd7 49. e6+ Kc6
50. e7 Kb5 51. e8=Q+ Kxa5 52. Ke6 b5 53. Kd5 Kb4 54. Qe7+ Ka4 55. Kc5 b4
56. Kc4 Ka3 57. Qxb4+ Ka2 58. Kc3 Ka1 59. Qb2# { Black checkmated } 1-0

[Event "ICC tourney 2180 (40 10)"]
[Site "Internet Chess Club"]
[Date "2020.12.06"]
[Round "5"]
[White "Alex2009"]
[Black "NikiSDKChess"]
[Result "1-0"]
[ICCResult "Black checkmated"]
[WhiteElo "856"]
[BlackElo "627"]
[Opening "Four knights: Ranken variation"]
[ECO "C48"]
[NIC "KP.03"]
[Time "20:01:39"]
[PlyCount "111"]
[TimeControl "2400+10"]


1. e4 e5 2. Nf3 Nc6 3. Nc3 Nf6 4. Bb5 a6 5. Bxc6 dxc6 6. Nxe5 Qe7 7. Nf3
Nxe4 8. Nxe4 Qxe4+ 9. Qe2 Qxe2+ 10. Kxe2 Bd6 11. d4 O-O 12. Re1 Re8+ 13.
Kf1 Be6 14. Bd2 Re7 15. Re2 Bc4 16. Re1 Bxe2+ 17. Rxe2 Rd7 18. c4 b5 19. c5
Be7 20. Ne5 Rd5 21. Nxc6 Bf6 22. Ba5 Bxd4 23. Ne7+ Kf8 24. Nxd5 c6 25. Nc7
Rc8 26. Nxa6 g5 27. Bd2 f6 28. f4 Ra8 29. Nc7 Rxa2 30. Ne6+ Kf7 31. Nxd4
Ra1+ 32. Be1 gxf4 33. Nxc6 Rb1 34. Kf2 Rc1 35. Bd2 Rxc5 36. Nd4 Rh5 37.
Bxf4 b4 38. Bd6 Rd5 39. Bxb4 Rxd4 40. Bc3 Rf4+ 41. Kg3 Rf5 42. b4 h5 43. h4
Kg6 44. Rb2 Rd5 45. b5 Rd3+ 46. Kh2 Rxc3 47. b6 Rc8 48. Kg3 Rb8 49. Kf4 Kf7
50. Ke4 Ke7 51. Kd5 Kd7 52. Kc5 Kc8 53. Kc6 f5 54. Rf2 f4 55. Rxf4 Rb7 56.
Rf8# { Black checkmated } 1-0

[Event "ICC tourney 2180 (40 10)"]
[Site "Internet Chess Club"]
[Date "2020.12.06"]
[Round "5"]
[White "bscaccia"]
[Black "MiahG"]
[Result "1-0"]
[ICCResult "Black checkmated"]
[WhiteElo "1386"]
[BlackElo "389"]
[Opening "Giuoco Pianissimo: Italian four knights variation"]
[ECO "C50"]
[NIC "IG.02"]
[Time "20:01:36"]
[PlyCount "117"]
[TimeControl "2400+10"]


1. e4 e5 2. Nf3 Nc6 3. Bc4 Bc5 4. Nc3 Nf6 5. d3 O-O 6. O-O h6 7. h3 a6 8.
Bd2 Nd4 9. Nxe5 b5 10. Bb3 a5 11. a3 Nxb3 12. cxb3 d6 13. Nf3 Re8 14. Nxb5
Ba6 15. a4 c6 16. Nc3 Bxd3 17. Re1 Qb6 18. Be3 Bxe4 19. Nxe4 Rxe4 20. Bxc5
Rxe1+ 21. Qxe1 Qxc5 22. Rc1 Qb6 23. Qc3 Ne4 24. Qe3 Qxe3 25. fxe3 c5 26.
Rd1 Rb8 27. Nd2 Nxd2 28. Rxd2 Rxb3 29. Kf2 Kf8 30. Kf3 Ke7 31. Rc2 d5 32.
Rxc5 d4 33. Rxa5 Rxe3+ 34. Kf2 Re6 35. Rd5 Rd6 36. Rxd6 Kxd6 37. Ke2 Kc6
38. b4 f5 39. Kd3 g5 40. Kxd4 f4 41. b5+ Kb7 42. a5 h5 43. Ke4 Kc7 44. Kf5
g4 45. hxg4 h4 46. Kxf4 Kb7 47. g5 Ka8 48. b6 Kb7 49. g6 Ka6 50. g7 h3 51.
gxh3 Kxa5 52. g8=Q Kxb6 53. Qc8 Kb5 54. Ke3 Kb6 55. Kd4 Kb5 56. Qc5+ Ka4
57. Qb6 Ka3 58. Kc3 Ka4 59. Qb4# { Black checkmated } 1-0

[Event "ICC tourney 2180 (40 10)"]
[Site "Internet Chess Club"]
[Date "2020.12.06"]
[Round "5"]
[White "jksaini76"]
[Black "kween26"]
[Result "0-1"]
[ICCResult "White resigns"]
[WhiteElo "811"]
[BlackElo "1383"]
[Opening "KP: Indian opening"]
[ECO "C20"]
[NIC "KP.10"]
[Time "20:01:38"]
[PlyCount "110"]
[TimeControl "2400+10"]


1. e4 e5 2. d3 Bc5 3. Nf3 Nf6 4. Be2 O-O 5. O-O Nc6 6. c3 d5 7. exd5 Nxd5
8. Qc2 Bf5 9. Ng5 h6 10. Ne4 Bb6 11. Bf3 Nf6 12. Nbd2 Qe7 13. a3 Rad8 14.
Nxf6+ Qxf6 15. Ne4 Qg6 16. Be3 Qe6 17. Rad1 Rd7 18. Nc5 Bxc5 19. Bxc5 Rfd8
20. Be4 Bg4 21. f3 Bf5 22. b4 a6 23. a4 Ne7 24. a5 Nd5 25. Rfe1 Nf4 26. d4
Bxe4 27. fxe4 b6 28. d5 Nh3+ 29. Kh1 Qg6 30. axb6 cxb6 31. Be3 Nf4 32. g3
Nxd5 33. Bf2 Nf6 34. Rxd7 Rxd7 35. Qe2 b5 36. c4 bxc4 37. Qxc4 Rd2 38. Re2
Rxe2 39. Qxe2 Nxe4 40. Be1 Qc6 41. Kg1 Ng5 42. Kf2 Qd5 43. Bd2 Nh3+ 44. Ke1
Qh1+ 45. Qf1 Qxh2 46. Qxa6 Qxg3+ 47. Kd1 Qf3+ 48. Kc1 e4 49. Qc8+ Kh7 50.
Qc5 Nf2 51. Kb2 Nd3+ 52. Ka2 Nxc5 53. bxc5 e3 54. Bxe3 Qxe3 55. c6 Qe6+ {
White resigns } 0-1

[Event "ICC tourney 2180 (40 10)"]
[Site "Internet Chess Club"]
[Date "2020.12.06"]
[Round "5"]
[White "auggie29"]
[Black "andrewj508"]
[Result "1-0"]
[ICCResult "Black resigns"]
[WhiteElo "1095"]
[BlackElo "1270"]
[Opening "Hungarian defense"]
[ECO "C50"]
[NIC "IG.03"]
[Time "20:01:30"]
[PlyCount "83"]
[TimeControl "2400+10"]


1. e4 e5 2. Nf3 Nc6 3. Bc4 Be7 4. Nc3 Nf6 5. d4 exd4 6. Nxd4 O-O 7. O-O h6
8. h3 Bc5 9. Nf3 d6 10. Re1 Re8 11. Bf4 Bd7 12. e5 dxe5 13. Nxe5 Nxe5 14.
Bxe5 Bc6 15. Qxd8 Raxd8 16. Bxc7 Rxe1+ 17. Rxe1 Rd2 18. Re2 Rxe2 19. Bxe2
Kf8 20. a3 a6 21. Kf1 Ke7 22. b4 Bd4 23. b5 axb5 24. Nxb5 Bc5 25. a4 Kd7
26. Be5 Ke6 27. Bd4 b6 28. Bxc5 bxc5 29. a5 Nd5 30. a6 Kd7 31. c4 Nb4 32.
a7 f6 33. Bf3 Nc2 34. Bxc6+ Kxc6 35. a8=Q+ Kd7 36. Qd5+ Ke7 37. Qe4+ Kf7
38. Qxc2 Ke6 39. Qe4+ Kf7 40. Nd6+ Kg8 41. Qg6 Kh8 42. Nf5 { Black resigns
} 1-0

[Event "ICC tourney 2180 (40 10)"]
[Site "Internet Chess Club"]
[Date "2020.12.06"]
[Round "5"]
[White "thanhcaptures"]
[Black "ztraynor"]
[Result "1/2-1/2"]
[ICCResult "Game drawn because neither player has mating material"]
[WhiteElo "1197"]
[BlackElo "1178"]
[Opening "Caro-Kann: advance variation"]
[ECO "B12"]
[NIC "CK.04"]
[Time "20:01:29"]
[PlyCount "130"]
[TimeControl "2400+10"]


1. e4 c6 2. d4 d5 3. e5 Bf5 4. Nc3 e6 5. Nge2 h6 6. Nf4 g5 7. Nfe2 c5 8.
Be3 Qb6 9. Rb1 Nc6 10. dxc5 Bxc5 11. Na4 Qa5+ 12. Nac3 Bxe3 13. fxe3 Nxe5
14. Ng3 Ne7 15. Bb5+ N5c6 16. Nxf5 Nxf5 17. Bxc6+ bxc6 18. Qd3 Nd6 19. Qd4
Ke7 20. O-O Nf5 21. Qe5 f6 22. b4 fxe5 23. bxa5 Nxe3 24. Rb7+ Kd6 25. Rff7
Rhd8 26. Rxa7 Rxa7 27. Rxa7 Nxc2 28. Na4 d4 29. a6 Rb8 30. Rf7 Ra8 31. a7
e4 32. Nb6 Rxa7 33. Rxa7 e3 34. Kf1 d3 35. Rd7+ Kc5 36. Rxd3 Kxb6 37. Rc3
e2+ 38. Kxe2 Nd4+ 39. Kd3 e5 40. Ke4 Nb5 41. Rh3 c5 42. Rxh6+ Ka5 43. Kxe5
c4 44. Rc6 Kb4 45. a4 Na3 46. Ra6 c3 47. Rc6 c2 48. Kd4 Kxa4 49. Kd3 Kb3
50. Rb6+ Ka2 51. Kd2 Nc4+ 52. Kxc2 Nxb6 53. g3 Nd5 54. Kd2 Kb3 55. Ke2 g4
56. Kd3 Nf6 57. Ke3 Kc3 58. Kf4 Kd4 59. Kf5 Nd5 60. Kxg4 Ke4 61. h4 Ne3+
62. Kg5 Kf3 63. h5 Ng4 64. h6 Nxh6 65. Kxh6 Kxg3 { Game drawn because
neither player has mating material } 1/2-1/2

[Event "ICC tourney 2180 (40 10)"]
[Site "Internet Chess Club"]
[Date "2020.12.06"]
[Round "5"]
[White "chessfidebullet"]
[Black "Tomasleo"]
[Result "0-1"]
[ICCResult "White resigns"]
[WhiteElo "1289"]
[BlackElo "1416"]
[Opening "Two knights defense (Modern bishop's opening)"]
[ECO "C55"]
[NIC "IG.01"]
[Time "20:01:32"]
[PlyCount "84"]
[TimeControl "2400+10"]


1. e4 e5 2. Nf3 Nc6 3. Bc4 Nf6 4. d3 Bb4+ 5. c3 Bc5 6. Be3 Bxe3 7. fxe3 O-O
8. O-O d6 9. Qe1 Bg4 10. Ng5 h6 11. h4 hxg5 12. hxg5 d5 13. gxf6 dxc4 14.
Qg3 Qd7 15. Rf5 Ne7 16. Qxg4 Nxf5 17. exf5 g6 18. Qg5 Qxf5 19. Qxf5 gxf5
20. g4 fxg4 21. Nd2 cxd3 22. Kf2 Kh7 23. Ne4 Kg6 24. Nc5 d2 25. Ke2 b6 26.
Nd7 Rfe8 27. Rd1 Rad8 28. Rxd2 Kf5 29. e4+ Ke6 30. Ke3 Rxd7 31. Rg2 Rg8 32.
Rf2 g3 33. Rg2 Kxf6 34. c4 Ke6 35. b4 f6 36. c5 Rh7 37. c6 Rh2 38. b5 Rxg2
39. a4 Ra2 40. a5 Ra3+ 41. Kd2 Rh8 42. Ke1 Rh2 { White resigns } 0-1

[Event "ICC tourney 2180 (40 10)"]
[Site "Internet Chess Club"]
[Date "2020.12.06"]
[Round "5"]
[White "Anushkaa"]
[Black "adma2028"]
[Result "0-1"]
[ICCResult "White checkmated"]
[WhiteElo "1272"]
[BlackElo "1420"]
[Opening "Giuoco Pianissimo"]
[ECO "C50"]
[NIC "IG.02"]
[Time "20:01:32"]
[PlyCount "172"]
[TimeControl "2400+10"]


1. e4 e5 2. Nf3 Nc6 3. Bc4 Bc5 4. d3 Nf6 5. O-O d6 6. c3 O-O 7. d4 exd4 8.
cxd4 Bb4 9. a3 Ba5 10. b4 Bb6 11. Nc3 Bg4 12. d5 Ne5 13. Be2 Nxf3+ 14. Bxf3
Bxf3 15. Qxf3 Bd4 16. Qd3 Bxc3 17. Qxc3 Nxe4 18. Qf3 Nf6 19. Bg5 h6 20.
Bxf6 Qxf6 21. Qxf6 gxf6 22. Rac1 Rac8 23. Rfe1 Rfe8 24. f3 Re5 25. Rxe5
fxe5 26. Kf2 Kg7 27. Ke3 f5 28. a4 Kf6 29. b5 Ke7 30. h3 Kd7 31. Rc4 c6 32.
dxc6+ bxc6 33. bxc6+ Rxc6 34. Rh4 d5 35. Rh5 Rf6 36. g3 Kc6 37. Rh4 d4+ 38.
Kd3 Kc5 39. g4 fxg4 40. fxg4 Rg6 41. Rh5 Rg5 42. Rxh6 a5 43. Rh5 Rg7 44.
Rxe5+ Kb4 45. Kxd4 Kxa4 46. g5 Kb4 47. h4 a4 48. Re6 a3 49. Ra6 Rh7 50. g6
Rxh4+ 51. Ke5 Kb3 52. g7 Rg4 53. Kf6 a2 54. Kf7 Rf4+ 55. Ke7 Rg4 56. Kf7
Rf4+ 57. Ke7 Rg4 58. Kf7 Rf4+ 59. Ke7 Re4+ 60. Kf7 Rf4+ 61. Ke7 Rg4 62. Kf7
Rxg7+ 63. Kxg7 Kb2 64. Rb6+ Kc1 65. Rc6+ Kb2 66. Rb6+ Kc3 67. Rc6+ Kb4 68.
Rb6+ Ka5 69. Rg6 a1=Q+ 70. Kf7 Qf1+ 71. Rf6 Qc4+ 72. Kg6 Kb5 73. Rf5+ Kb4
74. Kg5 Qg8+ 75. Kf4 Qg6 76. Ke5 Kc5 77. Kf4+ Kd6 78. Rg5 Qh6 79. Kf5 Ke7
80. Kg4 Kf6 81. Rf5+ Ke6 82. Rf4 Ke5 83. Rf5+ Ke4 84. Rg5 Qe6+ 85. Kh5 Kf4
86. Rg6 Qh3# { White checkmated } 0-1